 Dungeon Crawl Stone Soup version 0.22-a0-402-ga933591 (webtiles) character file.

2206 Mgcat the Grappler (level 9, 0/89 HPs)
             Began as a Troll Transmuter on May 6, 2018.
             Was a Believer of Ru.
             Slain by a killer bee (3 damage)
             ... on level 9 of the Dungeon.
             The game lasted 00:20:57 (7315 turns).

Mgcat the Grappler (Troll Transmuter)               Turns: 7315, Time: 00:20:58

Health: 0/89       AC:  5    Str: 21    XL:     9   Next: 12%
Magic:  12/15      EV: 11    Int: 11    God:    Ru [**....]
Gold:   445        SH:  0    Dex: 12    Spells: 6/17 levels left

rFire    . . .     SeeInvis .     - Unarmed
rCold    + . .     Gourm    +   (no shield)
rNeg     . . .     Faith    .   j - +0 robe of Guurph {MR+ Dex+2}
rPois    .         Spirit   .   (helmet restricted)
rElec    .         Reflect  .   (no cloak)
rCorr    .         Harm     .   (gloves unavailable)
MR       +....                  (boots unavailable)
Stlth    +.........             (no amulet)
HPRegen  0.64/turn              h - ring of protection from cold {rC+, !d}
MPRegen  0.14/turn              (no ring)

@: lethally poisoned (0 -> -15), about to teleport
A: large, unfitting armour, claws 3, fast metabolism 3, gourmand, regeneration
1, shaggy fur 1, tough skin 2, inexperienced 1
a: Renounce Religion


You were on level 9 of the Dungeon.
You worshipped Ru.
Ru was pleased with you.
You were very full.

You visited 1 branch of the dungeon, and saw 9 of its levels.
You also visited: Ossuary.

You collected 445 gold pieces.

Inventory:

Hand Weapons
 e - the +1 short sword of Upheaval {drain, Str+2}
   (You found it on level 6 of the Dungeon)

   A truly terrible weapon, it drains the life of those it strikes.
   It affects your strength (+2).
Missiles
 a - 90 arrows
Armour
 j - the +0 robe of Guurph (worn) {MR+ Dex+2}
   (You found it on level 6 of the Dungeon)

   It affects your dexterity (+2).
   It affects your resistance to hostile enchantments.
 r - a +0 robe
   (You found it on level 4 of the Dungeon)
Jewellery
 h - a ring of protection from cold (left claw) {rC+, !d}
   (You found it on level 2 of the Dungeon)
Wands
 c - a wand of iceblast (10)
   (You found it on level 5 of the Dungeon)
 q - a wand of polymorph (49)
   (You found it on level 4 of the Dungeon)
 y - a wand of digging (16)
   (You took it off an orc on level 8 of the Dungeon)
Scrolls
 k - 3 scrolls of remove curse
 m - a scroll of immolation {!r}
 n - 7 scrolls of teleportation
 s - 2 scrolls of amnesia
 t - 2 scrolls of magic mapping {!r}
 x - 2 scrolls of identify
Potions
 b - 3 potions of haste {unknown}
 f - 4 potions of agility
 g - 3 potions of curing
 i - 3 potions of heal wounds {unknown}
 l - 3 potions of flight
 o - 2 potions of berserk rage {unknown}
 p - a potion of lignification {!q}
 v - a potion of might {unknown}
 w - a potion of magic {unknown}
 z - a potion of invisibility {unknown}
Comestibles
 d - 12 rations


   Skills:
 + Level 6.1 Fighting
 + Level 3.3 Dodging
 + Level 8.0 Unarmed Combat
 + Level 4.9 Spellcasting
 + Level 5.8 Transmutations


You had 6 spell levels left.
You knew the following spells:

 Your Spells              Type           Power        Failure   Level  Hunger
a - Beastly Appendage     Tmut           ###...       1%          1    None
b - Sticks to Snakes      Tmut           ###.....     3%          2    ##.....
c - Spider Form           Tmut/Pois      #.........   21%         3    ###....
d - Blade Hands           Tmut           ###.......   50%         5    ######.


Dungeon Overview and Level Annotations

Branches:
Dungeon (9/15)             Temple (0/1) D:7
   Lair: D:8-11         Orc: D:9-12

Altars:
Dithmenos
Makhleb
Ru
Xom
The Shining One


Innate Abilities, Weirdness & Mutations

You are too large for most types of armour.
You have claws for hands.
Your metabolism is lightning-fast.
You like to eat raw meat.
Your natural rate of healing is unusually fast.
You are covered in fur. (AC +1)
You have very tough skin. (AC +2)
You are somewhat inexperienced. (-2 XL)


Message History

The kobold is stunned by your will and fails to attack.
Your adder bites the orc but does no damage.
The orc wizard hits your adder but does no damage.
An orc comes into view.
Casting: Sticks to Snakes (safe; 3% risk of failure)
Confirm with . or Enter, or press ? or * to list all spells.
You create a snake!
You now have 90 arrows.
The killer bee stings you.
You are poisoned.
The killer bee poisons you! The kobold hits you but does no damage.
Your adder closely misses the orc.
The orc hits you with a club. The orc wizard misses your adder.
You feel sick.
Your adder bites the orc.
The killer bee stings your adder. The kobold barely misses you.
The orc hits you but does no damage.
Your ball python barely misses the kobold.
Your ball python grabs the kobold.
Your ball python constricts the kobold.
The orc wizard mumbles some strange words.
The orc wizard flickers and vanishes!
Deactivating autopickup; reactivate with Ctrl-A.
The kobold hits you but does no damage. 2 orcs come into view.
You claw the orc!
You kill the orc!
You feel sick.
The killer bee stings you but does no damage.
Your adder misses the killer bee. The killer bee closely misses you.
The orc wizard mumbles some strange words.
The orc wizard seems to speed up.
The teleport trap disappears.
The orc disappears!
The killer bee stings you. x2
You are more poisoned.
The killer bee poisons you!
You focus your will and illuminate the killer bee in retribution!
Your ball python bites the kobold but does no damage.
Your ball python constricts the kobold.
The kobold hits you with a dagger of speed.
You are too injured to fight recklessly!
You feel sick.
The killer bee stings you but does no damage.
The killer bee barely misses your adder.
The killer bee closely misses you. The killer bee barely misses you.
Your ball python bites the kobold but does no damage.
Your ball python constricts the kobold.
The kobold hits you but does no damage.
Your adder bites the killer bee.
The killer bee stings your adder!
Your adder dies!
You scratch the kobold but do no damage.
You kill the kobold!
You feel sick. The killer bee closely misses you. The killer bee stings you.
You are more poisoned.
The killer bee poisons you! The killer bee closely misses you.
The killer bee stings you.
You scratch the killer bee but do no damage.
The killer bee is lightly wounded.
You feel sick.
The killer bee closely misses your ball python.
The killer bee misses you. The killer bee closely misses you.
The killer bee barely misses your ball python.
Your ball python completely misses the killer bee.
Your ball python grabs the killer bee.
Your ball python constricts the killer bee.
The orc hits you with a hand axe. The killer bee stings you.
You are more poisoned.
The killer bee poisons you!
You claw the killer bee!
You kill the killer bee!
You feel sick. The killer bee stings your ball python.
Your ball python dies!
The killer bee barely misses you.
You miss the killer bee. Your claw misses the killer bee.
You feel sick. The killer bee stings you.
You are more poisoned.
The killer bee poisons you! The killer bee misses you.
The killer bee stings you.
The orc wizard hits you but does no damage.
You barely miss the killer bee. Your headbutt misses the killer bee.
You feel sick. The killer bee stings you. The killer bee closely misses you.
The orc hits you but does no damage. The orc wizard barely misses you.
The killer bee closely misses you.
The orc warrior hits you with a war axe!
The killer bee stings you.
* * * LOW HITPOINT WARNING * * *
You miss the killer bee.
Your horns disappear.
You feel sick. The killer bee stings you.
* * * LOW HITPOINT WARNING * * *
You are lethally poisoned!
The killer bee poisons you! The orc wizard hits you with a dagger.
* * * LOW HITPOINT WARNING * * *
The killer bee closely misses you. The orc hits you but does no damage.
The killer bee stings you but does no damage.
Okay, then.
As you read the scroll of teleportation, it crumbles to dust.
You feel strangely unstable.
* * * LOW HITPOINT WARNING * * *
You feel very sick. The killer bee completely misses you.
The orc wizard points at you and mumbles some strange words.
The magic dart hits you!
* * * LOW HITPOINT WARNING * * *
The killer bee stings you but does no damage.
The killer bee stings you.
You die...

#..%!.
#......
##.......
##..".....
##.........
#..........
#..........
#oyo)......
#@o).......
#oy........
#oo........
#(.(.......
#..........
#(.....>...
#..........
#..........
#<........


You could see an orc warrior, 2 killer bees, an orc wizard and 4 orcs.

Vanquished Creatures
  A two-headed ogre (D:8)
  A hippogriff (D:7)
  3 wyverns (D:8)
  Sigmund (D:6)
  Edmund (D:6)
  A phantom (D:6)
  3 ice beasts
  A black bear (D:8)
  2 ogres
  2 centaurs
  4 big kobolds
  4 bullfrogs
  2 elf zombies (Ossuary)
  3 scorpions
  5 killer bees
  A howler monkey (D:5)
  6 crimson imps
  A bullfrog zombie (D:8)
  8 centaur zombies
  3 human zombies (Ossuary)
  2 orc priests
  4 bullfrog skeletons
  A jelly (D:4)
  2 iguanas
  7 orc wizards
  6 worker ants
  A hound zombie (D:7)
  A hound skeleton (D:8)
  4 mummies
  A worker ant zombie (D:5)
  4 gnolls (D:2)
  9 adders
  3 shadow imps
  2 adder skeletons
  4 worms
  3 dart slugs
  6 leopard geckos
  28 orcs
  3 bats
  5 giant cockroaches
  8 goblins
  8 hobgoblins
  7 jackals
  22 kobolds
  9 quokkas
  2 ball pythons
  4 frilled lizards
  10 rats
219 creatures vanquished.

Notes
Turn   | Place    | Note
-------+----------+-------------------------------------------
     0 | D:1      | Mgcat the Troll Transmuter began the quest for the Orb.
     0 | D:1      | Reached XP level 1. HP: 18/18 MP: 1/1
   193 | D:1      | Reached skill level 1 in Fighting
   301 | D:1      | Reached XP level 2. HP: 26/27 MP: 0/3
   735 | D:2      | Learned a level 2 spell: Sticks to Snakes
   855 | D:2      | HP: 2/27 [gnoll/halberd (18)]
   856 | D:2      | Reached XP level 3. HP: 3/33 MP: 0/4
  1236 | D:2      | Reached skill level 2 in Transmutations
  1302 | D:2      | Reached XP level 4. HP: 36/41 MP: 3/5
  1672 | D:2      | Reached skill level 2 in Spellcasting
  1983 | D:3      | Reached skill level 2 in Fighting
  1983 | D:3      | Reached XP level 5. HP: 43/49 MP: 5/7
  2118 | D:3      | Reached skill level 4 in Unarmed Combat
  2568 | D:3      | Found a glowing golden altar of the Shining One.
  2762 | D:4      | Reached XP level 6. HP: 54/58 MP: 6/8
  3494 | D:4      | Reached skill level 3 in Transmutations
  3519 | D:5      | Entered Level 5 of the Dungeon
  3645 | D:5      | Reached skill level 3 in Fighting
  3645 | D:5      | Reached XP level 7. HP: 65/67 MP: 7/9
  4377 | D:5      | Found a shimmering altar of Xom.
  4660 | D:6      | Reached skill level 5 in Unarmed Combat
  4664 | D:6      | Reached skill level 3 in Spellcasting
  4672 | D:6      | Found a burning altar of Makhleb.
  4749 | D:6      | Found a sand-covered staircase.
  4757 | Ossuary  | Entered an ossuary
  4787 | Ossuary  | Reached XP level 8. HP: 68/78 MP: 8/11
  4843 | Ossuary  | Reached skill level 4 in Fighting
  4845 | Ossuary  | Reached skill level 4 in Transmutations
  4891 | Ossuary  | Reached skill level 6 in Unarmed Combat
  5089 | D:6      | Learned a level 3 spell: Spider Form
  5095 | D:6      | Learned a level 5 spell: Blade Hands
  5141 | D:6      | Got a fine short sword
  5142 | D:6      | Identified the +1 short sword of Upheaval {drain, Str+2} (You found it on level 6 of the Dungeon)
  5260 | D:6      | Noticed Sigmund
  5282 | D:6      | Killed Sigmund
  5287 | D:6      | Got a warped robe
  5298 | D:6      | Identified the +0 robe of Guurph {MR+ Dex+2} (You found it on level 6 of the Dungeon)
  5394 | D:6      | Found a sacrificial altar of Ru.
  5400 | D:6      | Became a worshipper of Ru the Awakened
  5606 | D:6      | Noticed Edmund
  5617 | D:6      | Killed Edmund
  5713 | D:7      | Reached XP level 9. HP: 76/85 MP: 13/13
  5834 | D:7      | Found a staircase to the Ecumenical Temple.
  5846 | D:7      | Reached skill level 4 in Spellcasting
  5919 | D:7      | Reached skill level 5 in Fighting
  5994 | D:7      | Found a shadowy altar of Dithmenos.
  6000 | D:7      | Reached skill level 7 in Unarmed Combat
  6029 | D:7      | Reached skill level 5 in Transmutations
  6319 | D:8      | Noticed a two-headed ogre
  6336 | D:8      | Killed a two-headed ogre
  6336 | D:8      | Reached skill level 2 in Dodging
  6419 | D:8      | Gained mutation: You are somewhat inexperienced. (-2 XL) [Ru sacrifice]
  6419 | D:8      | Reached XP level 8. HP: 83/83 MP: 13/13
  6419 | D:8      | Reached XP level 7. HP: 74/74 MP: 12/12
  6419 | D:8      | Reached * piety under Ru
  6419 | D:8      | Reached ** piety under Ru
  6457 | D:8      | Noticed a wyvern
  6461 | D:8      | Killed a wyvern
  6461 | D:8      | Reached XP level 8. HP: 32/83 MP: 11/13
  6462 | D:8      | HP: 20/83 [iguana (13)]
  6469 | D:8      | HP: 17/83 [bullfrog (5)]
  6680 | D:8      | Reached skill level 3 in Dodging
  6741 | D:8      | Reached skill level 6 in Fighting
  7012 | D:8      | Reached skill level 8 in Unarmed Combat
  7012 | D:8      | Reached XP level 9. HP: 84/89 MP: 15/15
  7314 | D:9      | HP: 21/89 [poisoned by a killer bee]
  7315 | D:9      | HP: 3/89 [orc wizard/magic dart (10)]
  7315 | D:9      | Slain by a killer bee

Vault maps used:
D:1:      dpeg_arrival_oval, minmay_misc_feat_tower, hex_large, st_stairs_14,
          minmay_pentomino_p2
D:2:      glass_columns_a, minmay_misc_feat_secret_circle
D:3:      tso_altar, first_ration
D:5:      basic_altar
D:6:      old_standard_altar, gup_ossuary_entry_pyramid, basic_altar,
          sigmund_edmund_badplayer
D:7:      lemuel_crystal_altar, minmay_temple_entry_junction
D:9:      eat_drink_and_be_merry_uskayaw, minmay_overflow_temple_star_hex,
          hangedman_fish_farm
Ossuary:  ossuary_minmay_four_chambers

Skill      XL: |  1  2  3  4  5  6  7  8  9 |
---------------+----------------------------+-----
Fighting       | 1 2 3 6 5 |  6.1
Transmutations | 2 3 4 5 |  5.8
Spellcasting   | 2 3 4 |  4.9
Unarmed Combat | 4 5 8 7 |  8.0
Dodging        | 3 2 |  3.3

Action                   |  1- 3 |  4- 6 |  7- 9 || total
-------------------------+-------+-------+-------++-------
Melee: Unarmed           |    86 |   204 |   382 ||   672
       Kick              |     4 |    18 |    51 ||    73
       Headbutt          |     4 |     6 |    34 ||    44
       Punch             |       |     1 |    13 ||    14
 Cast: Beastly Appendage |    20 |    32 |    54 ||   106
       Sticks to Snakes  |       |       |     8 ||     8
Invok: Sacrifice Experie |       |       |     1 ||     1
  Use: Scroll            |       |     6 |     8 ||    14
       Potion            |       |       |     1 ||     1
 Stab: Distracted        |       |       |     1 ||     1
       Invisible         |       |       |     1 ||     1
  Eat: Chunk             |    18 |    22 |    35 ||    75
Armor: Robe              |    23 |    52 |    95 ||   170
Dodge: Dodged            |    43 |    69 |   211 ||   323

Table legend:
 A = Spawn XP
 B = Non-spawn XP
 C = Spawn XP percentage of total XP
 D = Spawn monster count
 E = Non-spawn monster count
 F = Spawn count percentage of total count
 G = Total turns spent on level
                    A         B        C        D         E        F      G
               +---------+---------+-------+---------+---------+-------+---------
         Total |       0 |    7019 |   0.0 |       0 |     219 |   0.0 |  7315
               +---------+---------+-------+---------+---------+-------+---------
           D:1 |       0 |      20 |   0.0 |       0 |      10 |   0.0 |   790
           D:2 |       0 |     168 |   0.0 |       0 |      35 |   0.0 |  1114
           D:3 |       0 |     181 |   0.0 |       0 |      33 |   0.0 |   788
           D:4 |       0 |     336 |   0.0 |       0 |      24 |   0.0 |   874
           D:5 |       0 |     221 |   0.0 |       0 |       9 |   0.0 |  1070
           D:6 |       0 |    1066 |   0.0 |       0 |      19 |   0.0 |   864
           D:7 |       0 |    1235 |   0.0 |       0 |      29 |   0.0 |   777
           D:8 |       0 |    2932 |   0.0 |       0 |      40 |   0.0 |   804
           D:9 |       0 |     168 |   0.0 |       0 |       5 |   0.0 |    29
       Ossuary |       0 |     692 |   0.0 |       0 |      15 |   0.0 |   205
               +---------+---------+-------+---------+---------+-------+---------

Vault maps used:
D:1:      dpeg_arrival_oval, minmay_misc_feat_tower, hex_large, st_stairs_14,
          minmay_pentomino_p2
D:2:      glass_columns_a, minmay_misc_feat_secret_circle
D:3:      tso_altar, first_ration
D:5:      basic_altar
D:6:      old_standard_altar, gup_ossuary_entry_pyramid, basic_altar,
          sigmund_edmund_badplayer
D:7:      lemuel_crystal_altar, minmay_temple_entry_junction
D:9:      eat_drink_and_be_merry_uskayaw, minmay_overflow_temple_star_hex,
          hangedman_fish_farm
Ossuary:  ossuary_minmay_four_chambers

Table legend:
 A = Turns spent in this place as a percentage of turns spent in the entire game.
 B = Non-inter-level travel turns spent in this place as a percentage of non-inter-level travel turns spent in the entire game.
 C = Inter-level travel turns spent in this place as a percentage of turns spent in this place.
 D = Turns resting spent in this place as a percentage of non-inter-level travel turns spent in this place.
 E = Turns spent auto-exploring this place as a percentage of non-inter-level travel turns spent in this place.
 F = Non-inter-level travel turns spent in this place divided by the number of levels of this place that you've seen.
                   A       B       C       D       E      F
               +-------+-------+-------+-------+-------+----------------------
         Total | 100.0 | 100.0 |   5.6 |   1.5 |  75.4 | 690.5
       Dungeon |  97.2 |  97.0 |   5.8 |   1.5 |  76.5 | 744.4
       Ossuary |   2.8 |   3.0 |   0.0 |   0.0 |  39.5 | 205.0
               +-------+-------+-------+-------+-------+----------------------

Table legend:
 A = Kills in this place as a percentage of kills in entire the game.
 B = Kills by you in this place as a percentage of kills by you in the entire game.
 C = Kills by friends in this place as a percentage of kills by friends in the entire game.
 D = Other kills in this place as a percentage of other kills in the entire game.
 E = Experience gained in this place as a percentage of experience gained in the entire game.
 F = Experience gained in this place divided by the number of levels of this place that you have seen.
                   A       B       C       D       E      F
               +-------+-------+-------+-------+-------+----------------------
         Total | 100.0 | 100.0 |   N/A |   N/A | 100.0 | 701.9
       Dungeon |  93.2 |  93.2 |   N/A |   N/A |  90.1 | 703.0
       Ossuary |   6.8 |   6.8 |   N/A |   N/A |   9.9 | 692.0
               +-------+-------+-------+-------+-------+----------------------
